 Dungeon Crawl Stone Soup version 0.18.1-8-gdd0e5ea (webtiles) character file.

10678 mrath the Thaumaturge (level 11, -1/63 HPs)
             Began as a Gargoyle Earth Elementalist on May 21, 2016.
             Was an Elder of Vehumet.
             Slain by a seven-headed hydra (13 damage)
             ... on level 2 of the Lair of Beasts.
             The game lasted 01:28:59 (14914 turns).

mrath the Thaumaturge (GrEE)                       Turns: 14914, Time: 01:28:59

Health: -1/63      AC: 17    Str: 12    XL:     11   Next: 65%
Magic:  8/25       EV: 13    Int: 19    God:    Vehumet [****..]
Gold:   556        SH:  0    Dex: 10    Spells: 5 memorised, 18 levels left

rFire  . . .     SeeInvis .     C - +0 trident (venom)
rCold  + . .     Gourm    .     J - +2 robe {MR+}
rNeg   + . .     Faith    .     (no shield)
rPois  ∞         Spirit   .     B - +0 helmet
rElec  +         Dismiss  .     Q - +0 cloak
rCorr  .         Reflect  .     T - +2 pair of gloves
SustAt .         Harm     .     W - -1 pair of boots (curse)
MR     +....                    (no amulet)
Stlth  ++........               (no ring)
                                s - ring of protection from cold

@: about to teleport, somewhat resistant to hostile enchantments, unstealthy
A: negative energy resistance 1, electricity resistance, unbreathing,
petrification resistance, rot immunity, AC +7
a: Renounce Religion


You were on level 2 of the Lair of Beasts.
You worshipped Vehumet.
Vehumet was greatly pleased with you.
You were not hungry.

You visited 3 branches of the dungeon, and saw 12 of its levels.

You collected 556 gold pieces.

Inventory:

Hand Weapons
 p - a +0 hunting sling
 v - a +3 great sword of freezing
 y - a +2 flail of draining
 A - a +3 flail
 C - a +0 trident of venom (weapon)
 I - a +1 whip of flaming
 M - a +0 short sword of electrocution
 N - a +3 mace of freezing
Missiles
 b - 363 stones
 m - 22 sling bullets
 w - 2 curare-tipped needles
 D - 3 javelins (quivered)
 G - 12 poisoned needles
 L - 5 tomahawks
Armour
 B - a +0 helmet (worn)
 J - a +2 robe of magic resistance (worn)
 Q - a +0 cloak (worn)
 T - a +2 pair of gloves (worn)
 W - a cursed -1 pair of boots (worn)
Rods
 X - a +0 lightning rod (10/10)
   (You found it on level 2 of the Lair of Beasts)
Jewellery
 s - a ring of protection from cold (left hand)
 S - an uncursed amulet of rage
 U - an uncursed ring of sustain attributes {unknown}
Wands
 x - a wand of flame (39/48)
 V - a wand of lightning (7/15)
Scrolls
 a - a scroll of vulnerability {unknown}
 e - 2 scrolls of fog {unknown}
 f - 4 scrolls of teleportation
 i - 3 scrolls of recharging
 j - 2 scrolls of remove curse {unknown}
 l - 2 scrolls of amnesia {unknown}
 o - 2 scrolls of identify
 q - 2 scrolls of enchant armour {unknown}
 r - 2 scrolls of immolation {unknown}
 E - 5 scrolls of fear {unknown}
 K - a scroll of enchant weapon {unknown}
 R - a scroll of magic mapping {unknown}
Potions
 g - a potion of might {unknown}
 h - a potion of magic {unknown}
 k - 5 potions of curing
 n - a potion of cancellation {unknown}
 t - a potion of mutation {unknown}
 u - 4 potions of flight {unknown}
 F - a potion of ambrosia {unknown}
 H - 2 potions of heal wounds
 O - 2 potions of berserk rage {unknown}
Books
 c - a book of Geomancy

   Spells                             Type                      Level
   a - Sandblast                      Earth                        1
   b - Passwall                       Transmutation/Earth          2
   c - Stone Arrow                    Conjuration/Earth            3
   d - Petrify                        Transmutation/Earth          4
   e - Lee's Rapid Deconstruction     Earth                        5
 P - a book of Air

   Spells                             Type                      Level
   a - Shock                          Conjuration/Air              1
   b - Swiftness                      Charms/Air                   2
   c - Repel Missiles                 Charms/Air                   2
   d - Static Discharge               Conjuration/Air              3
   e - Lightning Bolt                 Conjuration/Air              5
Comestibles
 d - 5 bread rations
 z - 6 meat rations


   Skills:
 + Level 5.0 Fighting
 + Level 4.1 Polearms
 + Level 5.5 Armour
 + Level 4.5 Dodging
 - Level 2.1 Stealth
 * Level 10.7 Spellcasting
 + Level 6.2 Conjurations
   Level 0.7 Transmutations
 + Level 8.0 Earth Magic
 + Level 4.5 Evocations


You had 18 spell levels left.
You knew the following spells:

 Your Spells              Type           Power        Failure   Level  Hunger
a - Sandblast             Erth           #####.       1%          1    None
b - Stone Arrow           Conj/Erth      #####.       1%          3    None
c - Lee's Rapid Deconstr  Erth           #####.....   2%          5    ####...
d - Shock                 Conj/Air       ###.         1%          1    None
e - Conjure Flame         Conj/Fire      ###.....     2%          3    None


Dungeon Overview and Level Annotations

Branches:
Dungeon (9/15)             Temple (1/1) D:6            Lair (2/8) D:9
    Orc (0/2) D:9

Altars:
Ashenzari
Dithmenos
Elyvilon
Gozag
Kikubaaqudgha
Makhleb
Okawaru
Pakellas
Qazlal
Ru
Sif Muna
Trog
Vehumet
Yredelemnul
Zin

Annotations:
D:3 1 runed door
D:5 ThereIsNoGod's ghost, novice OpAs


Innate Abilities, Weirdness & Mutations

You are resistant to torment.
Your stone body is resilient (AC +7).
You are immune to poison.
You resist negative energy.
You are resistant to electric shocks.
You can survive without breathing.
You are immune to petrification.
You are immune to rotting.


Message History

As you read the scroll of teleportation, it crumbles to dust.
You feel strangely unstable. The seven-headed hydra misses you.
The seven-headed hydra bites you but does no damage.
The seven-headed hydra closely misses you.
The seven-headed hydra bites you.
The seven-headed hydra barely misses you.
The seven-headed hydra bites you but does no damage.
The seven-headed hydra bites you!
* * * LOW HITPOINT WARNING * * *
Casting: Stone Arrow
Confirm with . or Enter, or press ? or * to list all spells.
Aiming: Stone Arrow
Press: ? - help, Shift-Dir - straight line, f/p - seven-headed hydra
Aim: a seven-headed hydra (almost dead)
The stone arrow misses the seven-headed hydra.
The seven-headed hydra closely misses you.
The seven-headed hydra bites you.
* * * LOW HITPOINT WARNING * * *
The seven-headed hydra bites you!
You die...

...>........+.#..≈≈≈≈≈≈≈≈≈≈..#
.8...8...#..###..≈≈≈≈≈≈≈≈≈...#
.........#..##....≈≈≈≈≈≈≈≈...#
.#..^#..#..##.#...≈≈≈≈≈≈≈≈.#.##
...#.#....#####.+≈..≈≈≈≈≈.##..#
........### ##..#......#....###
#.....### ####.#.#....#..#.#.#.
#.#.#.# #P#...###.#.#........
......# ###...@D..(...+........
#.....#####.....#..#..P..........
.......##....####...#####........
#.....##..#.#.# #..## #.........
......###..#### #.## ##........
..........## #..# #........
.........## ##..# #P........
#.....P### #P.P# #.........
##....## #P..# ##...P+.#.


You could see a seven-headed hydra.

Vanquished Creatures
  Urug (Lair:2)
  Pikel (D:5)
  An elephant (Lair:1)
  4 spiny frogs
  A komodo dragon (Lair:1)
  A troll (D:9)
  A two-headed ogre (D:8)
  Sigmund (D:3)
  11 yaks
  A hungry ghost (D:8)
  A hippogriff (D:8)
  Edmund (D:6)
  5 water moccasins
  2 porcupines (Lair:2)
  Duvessa (D:6)
  3 ice beasts
  A phantom (D:6)
  A black bear (D:8)
  2 orc warriors
  2 sky beasts
  3 centaurs
  An ogre (D:4)
  4 crocodiles
  4 giant frogs
  6 scorpions
  Dowan (D:6)
  15 wights
  6 howler monkeys
  4 jellies
  A human zombie (D:3)
  2 giant frog zombies
  8 hounds
  4 orc wizards
  3 centaur skeletons
  3 orc priests
  A giant frog skeleton (D:5)
  7 iguanas
  4 worker ants
  8 sheep
  A hound skeleton (D:4)
  13 adders
  21 river rats
  5 shadow imps
  A worm (D:4)
  4 dart slugs
  5 giant geckos
  30 orcs
  3 bats
  5 giant cockroaches
  5 goblins
  11 jackals
  5 quokkas
  A giant cockroach zombie (D:6)
  A giant gecko skeleton (D:5)
  2 giant newts
  7 kobolds
  2 quokka skeletons
  5 rats
  2 fungi (Lair:2)
256 creatures vanquished.

Vanquished Creatures (others)
  A slave (D:6)
  An adder (D:6)
  4 orcs (D:6)
  A giant newt (D:6)
  4 fungi
11 creatures vanquished.

Grand Total: 267 creatures vanquished

Notes
Turn   | Place    | Note
--------------------------------------------------------------
     0 | D:1      | mrath the Gargoyle Earth Elementalist began the quest for the Orb.
     0 | D:1      | Reached XP level 1. HP: 10/10 MP: 3/3
   306 | D:1      | Reached XP level 2. HP: 15/15 MP: 0/5
  1205 | D:2      | Reached skill level 3 in Spellcasting
  1208 | D:2      | Reached XP level 3. HP: 19/19 MP: 2/7
  1449 | D:2      | Learned a level 3 spell: Stone Arrow
  1752 | D:3      | Noticed Sigmund
  1836 | D:3      | Reached XP level 4. HP: 22/24 MP: 4/9
  1992 | D:3      | Found a runed door.
  1992 | D:3      | Noticed a human
  2017 | D:3      | Reached skill level 1 in Conjurations
  2099 | D:3      | Found a basalt altar of Yredelemnul.
  2103 | D:3      | Reached XP level 5. HP: 27/28 MP: 10/10
  2118 | D:3      | Learned a level 5 spell: Lee's Rapid Deconstruction
  2275 | D:3      | Reached skill level 4 in Spellcasting
  2934 | D:4      | Found a radiant altar of Vehumet.
  2990 | D:4      | Became a worshipper of Vehumet
  3236 | D:4      | Reached XP level 6. HP: 32/32 MP: 9/12
  3269 | D:4      | Found an ancient bone altar of Kikubaaqudgha.
  3309 | D:4      | Reached skill level 5 in Spellcasting
  3309 | D:4      | Reached skill level 5 in Earth Magic
  3621 | D:5      | Entered Level 5 of the Dungeon
  3821 | D:5      | Reached XP level 7. HP: 28/36 MP: 11/14
  4020 | D:5      | Noticed ThereIsNoGod's ghost (novice OpAs)
  4471 | D:5      | Reached * piety under Vehumet
  4471 | D:5      | Offered knowledge of Shock by Vehumet.
  4590 | D:5      | Reached skill level 6 in Spellcasting
  4859 | D:5      | Learned a level 1 spell: Shock
  5455 | D:6      | Reached skill level 7 in Spellcasting
  5455 | D:6      | Reached XP level 8. HP: 41/41 MP: 7/18
  5694 | D:6      | Noticed Edmund
  5703 | D:6      | Killed Edmund
  5703 | D:6      | Reached skill level 8 in Spellcasting
  5864 | D:6      | Found a staircase to the Ecumenical Temple.
  6301 | D:6      | Noticed Pikel
  6309 | D:5      | Killed Pikel
  6309 | D:5      | Reached skill level 1 in Fighting
  6309 | D:5      | Reached skill level 1 in Polearms
  6309 | D:5      | Reached skill level 1 in Armour
  6309 | D:5      | Reached skill level 1 in Evocations
  6309 | D:5      | Reached XP level 9. HP: 37/47 MP: 6/21
  6415 | D:6      | Reached skill level 9 in Spellcasting
  6815 | D:6      | Noticed Dowan
  6816 | D:6      | Killed Dowan
  6819 | D:6      | Noticed Duvessa
  6824 | D:6      | Killed Duvessa
  6826 | D:6      | Found a shattered altar of Ashenzari.
  7289 | D:7      | Reached ** piety under Vehumet
  7359 | D:7      | Offered knowledge of Freeze by Vehumet.
  7809 | Temple   | Entered the Ecumenical Temple
  8325 | D:8      | Noticed a two-headed ogre
  8329 | D:8      | Killed a two-headed ogre
  8937 | D:8      | Found an oddly glowing altar of Pakellas.
  9056 | D:8      | Reached XP level 10. HP: 54/54 MP: 14/23
  9129 | D:8      | Offered knowledge of Searing Ray by Vehumet.
  9291 | D:8      | Found a deep blue altar of Sif Muna.
  9561 | D:8      | Reached *** piety under Vehumet
 10107 | D:9      | Found a staircase to the Lair.
 10168 | D:9      | Found a stormy altar of Qazlal.
 10177 | D:9      | Found a shadowy altar of Dithmenos.
 10481 | D:9      | Offered knowledge of Olgreb's Toxic Radiance by Vehumet.
 10486 | D:9      | Found a staircase to the Orcish Mines.
 10651 | D:9      | Found a shadowy altar of Dithmenos.
 10693 | D:9      | Reached skill level 10 in Spellcasting
 10840 | D:9      | Reached skill level 5 in Conjurations
 11008 | D:9      | Found a glowing silver altar of Zin.
 11084 | Lair:1   | Entered Level 1 of the Lair of Beasts
 11085 | Lair:1   | Noticed a spiny frog
 11089 | Lair:1   | Killed a spiny frog
 11348 | D:9      | Reached **** piety under Vehumet
 11576 | Lair:1   | Reached XP level 11. HP: 44/61 MP: 4/25
 11675 | Lair:1   | Found a frozen archway.
 11920 | Lair:1   | Offered knowledge of Conjure Flame by Vehumet.
 11925 | Lair:1   | Learned a level 3 spell: Conjure Flame
 12392 | Lair:1   | Reached skill level 5 in Armour
 12750 | D:3      | Killed Sigmund
 13678 | Lair:2   | Noticed a seven-headed hydra
 14472 | Lair:2   | Noticed Urug
 14655 | Lair:2   | Killed Urug
 14655 | Lair:2   | Reached skill level 5 in Fighting
 14914 | Lair:2   | Slain by a seven-headed hydra

Skill      XL: |  1  2  3  4  5  6  7  8  9 10 11 |
---------------+----------------------------------+-----
Spellcasting   | 3 4 5 7 8 9 10 | 10.7
Earth Magic    | 4 5 6 7 8 |  8.0
Conjurations   | 1 2 3 4 5 6 |  6.2
Fighting       | 1 2 4 5 |  5.0
Polearms       | 1 2 3 4 |  4.1
Armour         | 1 3 4 5 |  5.5
Dodging        | 2 3 4 |  4.5
Evocations     | 1 2 4 |  4.5
Stealth        | |  2.1
Transmutations | |  0.7

Action                   |  1- 3 |  4- 6 |  7- 9 | 10-12 || total
-------------------------+-------+-------+-------+-------++-------
Melee: Dagger            |    21 |       |       |       ||    21
       Short sword       |    33 |       |       |       ||    33
       Mace              |       |    20 |       |       ||    20
       Trident           |       |    13 |   105 |   109 ||   227
       Flail             |       |       |       |    35 ||    35
Throw: Javelin           |       |       |     8 |     9 ||    17
 Cast: Sandblast         |    45 |    50 |    36 |     4 ||   135
       Stone Arrow       |       |       |   132 |   235 ||   367
  Use: Scroll            |       |     1 |     4 |     2 ||     7
       Potion            |       |       |       |     1 ||     1
 Stab: Sleeping          |       |     2 |       |       ||     2
  Eat: Chunk             |     3 |     5 |    16 |    13 ||    37
       Fruit             |       |     1 |       |       ||     1
       Pizza             |       |       |     1 |       ||     1
       Beef jerky        |       |       |       |     2 ||     2
       Royal jelly       |       |       |       |     1 ||     1
Armor: Robe              |    23 |    18 |    88 |    66 ||   195
Dodge: Dodged            |    50 |    47 |   119 |   128 ||   344
